 Dungeon Crawl Stone Soup version 0.27-a0-506-g2188dfaaa0 (webtiles) character file.

Game seed: 9379488356897991367

971 Morbidden the Skirmisher (level 7, 0/54 HPs)
             Began as a Demonspawn Fighter on Mar 3, 2021.
             Slain by an ogre
             ... wielding a +0 giant club
              (8 damage)
             ... on level 5 of the Dungeon.
             The game lasted 00:06:21 (4270 turns).

Morbidden the Skirmisher (Demonspawn Fighter)       Turns: 4270, Time: 00:06:22

Health: 0/54       AC: 14    Str: 17    XL:     7   Next: 94%
Magic:  7/7        EV:  4    Int: 11    God:
Gold:   213        SH: 10    Dex: 12    Spells: 6/6 levels left

rFire    . . .     SeeInvis .     - Unarmed
rCold    . . .     Faith    .   c - +1 kite shield
rNeg     . . .     Spirit   .   o - +0 plate armour
rPois    +         Reflect  .   m - +0 helmet
rElec    .         Harm     .   (no cloak)
rCorr    .         Rampage  .   (no gloves)
Will     .....                  n - +0 pair of boots
Stlth    ..........             l - amulet of regeneration
HPRegen  1.18/turn              q - ring of poison resistance
MPRegen  0.10/turn              (no ring)

@: no status effects
A: claws 2, powered by pain 2
a: no special abilities


You were on level 5 of the Dungeon.
You visited 1 branch of the dungeon, and saw 5 of its levels.
You also visited: Sewer and Ossuary.

You collected 213 gold pieces.

Inventory:

Missiles
 p - 12 boomerangs (quivered)
 u - 9 poisoned darts
Armour
 c - a +1 kite shield (worn)
 m - a +0 helmet (worn)
 n - a +0 pair of boots (worn)
 o - a +0 plate armour (worn)
Jewellery
 l - an amulet of regeneration (around neck)
 q - a ring of poison resistance (left claw)
 v - a ring of flight
Wands
 w - a wand of iceblast (10)
 y - a wand of flame (18)
Scrolls
 a - 3 scrolls of fear
 b - 5 scrolls of identify
 h - 2 scrolls of magic mapping
 i - 6 scrolls of teleportation {unknown}
 j - a scroll of blinking
 r - 4 scrolls of enchant armour
Potions
 d - 6 potions of might
 e - 3 potions of mutation {unknown}
 f - 4 potions of heal wounds {unknown}
 g - a potion of berserk rage {unknown}
 k - 3 potions of brilliance {unknown}
 s - 3 potions of curing {unknown}
 t - 3 potions of cancellation {unknown}
 x - 5 potions of degeneration {unknown}
 z - a potion of ambrosia {unknown}
 A - a potion of haste {unknown}
 B - 2 potions of lignification {unknown}


   Skills:
 * Level 4.3 Fighting
 - Level 3.8 Long Blades
 + Level 4.0 Armour
 * Level 3.4 Dodging
 + Level 3.8 Shields
 * Level 4.0 Unarmed Combat


You had 6 spell levels left.
You didn't know any spells.
Your spell library was empty.

Dungeon Overview and Level Annotations

Branches:
Dungeon (5/15)              Sewer (visited)         Ossuary (visited)
 Temple: D:4-7

Altars:
Elyvilon

Annotations:
D:3 1 runed translucent door


Innate Abilities, Weirdness & Mutations

You have very sharp fingernails.
You sometimes gain power by taking damage.


Message History

The ogre is moderately wounded.
The ogre hits you with a +0 giant club!
An ogre is nearby!
You claw the ogre!
The ogre is severely wounded.
You block the ogre's attack.
An ogre is nearby!
Your plate armour prevents you from hitting the ogre.
The ogre is severely wounded.
The ogre hits you with a +0 giant club!
Your unstable footing causes you to fumble your attack.
You block the ogre's attack.
You scratch the ogre but do no damage.
The ogre is severely wounded.
The ogre hits you with a +0 giant club!
You are too injured to fight recklessly!
You are too injured to fight recklessly!
You are too injured to fight recklessly!
There is a collapsed entrance here.
You are too injured to fight recklessly!
You enter the shallow water.
Moving in this stuff is going to be slow.
The ogre hits you with a +0 giant club!
The ogre hits you with a +0 giant club!!
* * * LOW HITPOINT WARNING * * *
You are too injured to fight recklessly!
Unknown command.
Unknown command.
There is a collapsed entrance here.
You enter the shallow water.
Moving in this stuff is going to be slow.
You block the ogre's attack. The ogre barely misses you.
Unknown command.
There is a collapsed entrance here.
Throw: 12 boomerangs
Press: ? - help, Q - select action, (/) - cycle Shift-Dir - straight line, f - ogre
Aim: an ogre, wielding a +0 giant club (severely wounded, 73% to hit)
You throw a boomerang. The boomerang closely misses the ogre.
The ogre hits you with a +0 giant club!
You die...

,,,,...##...** **,,**,
**,,........,* **,,,,*,
,,,,.......#** ******,**,,,,
,,*,*#.....##########,,,,*,,,,,,*
,*****#....#.ZO≈o≈.≈##,,,*,,,,,,*
..#####..#..########≈#,,,,,,,*,**
..#......#.##≈Oo.≈##Z#,*,**,**,*
.....##..ZO#Z#####r#O#****,,**,**
.....#.....#≈##O@#≈#o#,* **,,,,*,
.....(.....#≈#≈###≈#≈#,*****,,,,,
##.........#o##.≈r≈#≈#,,,,,,,,,,,
...........#O#######≈#,,,,,,,***,
..........###.≈oO≈Z≈##,,,,,,,*,*,
.......#....#########,,,,,,,,,,,,
.......#####.......,,,,,,,,,,,,*,
....#.....#.....#,.,,,,,,,,,,,**,
.##.##.)..#(....#..,,*,,,,,,,,,,,


You could see an ogre.

Vanquished Creatures
  2 elf zombies (Ossuary)
  2 scorpions (D:4)
  A howler monkey (D:4)
  7 centaur zombies (Ossuary)
  A hound (D:4)
  3 human zombies (Ossuary)
  An orc priest (D:4)
  Terence (D:3)
  An iguana (D:4)
  A worker ant (D:4)
  An orc wizard (D:4)
  4 mummies
  5 adders
  An ooze (D:2)
  3 worms
  3 dart slugs
  A leopard gecko (D:4)
  11 orcs
  6 giant cockroaches
  3 goblins (D:1)
  7 hobgoblins
  6 jackals
  17 kobolds
  2 quokkas (D:5)
  7 ball pythons
  8 bats
  8 frilled lizards
  A leopard gecko zombie (D:5)
  9 rats
123 creatures vanquished.

Vanquished Creatures (others)
  26 plants
26 creatures vanquished.

Grand Total: 149 creatures vanquished

Notes
Turn   | Place    | Note
-------+----------+-------------------------------------------
     0 | D:1      | Morbidden the Demonspawn Fighter began the quest for the
                  | Orb.
     0 | D:1      | Reached XP level 1. HP: 18/18 MP: 1/1
   423 | D:1      | Gained mutation: You have sharp fingernails. [demonic
                  | ancestry]
   423 | D:1      | Reached XP level 2. HP: 24/24 MP: 2/2
  1221 | D:2      | Reached XP level 3. HP: 29/29 MP: 3/3
  1765 | D:3      | Reached XP level 4. HP: 35/35 MP: 4/4
  1863 | D:3      | Noticed Terence
  1885 | D:3      | Killed Terence
  2093 | D:3      | Found a white marble altar of Elyvilon.
  2093 | D:3      | Found a runed translucent door.
  2093 | D:3      | Noticed an angel
  2361 | D:4      | Reached skill level 1 in Dodging
  2361 | D:4      | Gained mutation: You sometimes gain a little power by
                  | taking damage. [demonic ancestry]
  2361 | D:4      | Reached XP level 5. HP: 41/41 MP: 5/5
  2509 | D:4      | Gained mutation: You have very sharp fingernails. [demonic
                  | ancestry]
  2509 | D:4      | Reached XP level 6. HP: 48/48 MP: 6/6
  2852 | D:4      | Reached skill level 1 in Unarmed Combat
  3076 | D:5      | Entered Level 5 of the Dungeon
  3096 | D:5      | Found a sand-covered staircase.
  3107 | Ossuary  | Entered an ossuary
  3139 | Ossuary  | Gained mutation: You sometimes gain power by taking damage.
                  | [demonic ancestry]
  3139 | Ossuary  | Reached XP level 7. HP: 54/54 MP: 7/7
  3438 | D:5      | Found a glowing drain.
  3442 | Sewer    | Entered a sewer
  4266 | D:5      | HP: 2/54 [ogre/+0 giant club (18)]
  4270 | D:5      | Slain by an ogre

Illustrated notes

Levels and vault maps discovered:
D:1:      ncdulo_smallfort, layout_basic
D:2:      layout_basic, nrook_loot_triangle, minmay_pentomino_o2
D:3:      layout_rooms, nicolae_overflow_hidden_temple, serial_bayou_pond_c,
          lemuel_angel_altar, uniq_terence
D:4:      layout_basic
D:5:      layout_cave_pools, nicolae_ossuary_entry_giza, gup_sewer_entry_spiral

Skill      XL: |  1  2  3  4  5  6  7 |
---------------+----------------------+-----
Long Blades    | 2 3 |  3.8
Shields        | 3 |  3.8
Armour         | 3 4 |  4.0
Dodging        | 1 2 3 |  3.4
Unarmed Combat | 2 4 |  4.0
Fighting       | 4 |  4.3

Action                   |  1- 3 |  4- 6 |  7- 9 || total
-------------------------+-------+-------+-------++-------
Melee: Long sword        |   136 |    91 |       ||   227
       Unarmed           |       |   131 |   262 ||   393
Throw: Boomerang         |       |     2 |     1 ||     3
  Use: Scroll            |       |       |     6 ||     6
Armor: Scale mail        |    36 |       |       ||    36
       Plate armour      |    56 |   160 |   154 ||   370
Dodge: Dodged            |    27 |    37 |    40 ||   104
Block: Kite shield       |    65 |   107 |   135 ||   307
       Rpst.: Long sword |     6 |     3 |       ||     9

Table legend: (Time is in decaauts)
 A = Elapsed time spent in this place.
 B = Non-inter-level travel time spent in this place.
 C = Inter-level travel time spent in this place.
 D = Time resting spent in this place.
 E = Time spent auto-exploring this place.
 F = Levels seen in this place.
 G = Mean time per level.
                   A        B        C        D        E       F      G
               +--------+--------+--------+--------+--------+-----+--------+
         Total |   4706 |   4535 |    171 |      0 |   3035 |   7 |  672.3 |
       Dungeon |   3417 |   3246 |    171 |      0 |   2317 |   5 |  683.4 |
         Sewer |   1042 |   1042 |      0 |      0 |    717 |   1 | 1042.0 |
       Ossuary |    247 |    247 |      0 |      0 |      0 |   1 |  247.0 |
               +--------+--------+--------+--------+--------+-----+--------+

Top non-repeatable levels by time:
     D:1: 1195 daAuts
   Sewer: 1042 daAuts
     D:4: 776 daAuts
     D:2: 634 daAuts
     D:3: 614 daAuts
 Ossuary: 247 daAuts
     D:5: 195 daAuts
